 Dungeon Crawl Stone Soup version 0.31-a0-198-g2ad674f65e (webtiles) character file.

Game seed: 18031532054351982202

474 lmSkywalker the Insei (level 6, -1/47 HPs)
             Began as a Draconian Transmuter on June 24, 2023.
             Slain by an orc
             ... wielding a +0 whip
              (3 damage)
             ... on level 4 of the Dungeon on June 26, 2023.
             The game lasted 00:17:51 (3470 turns).

lmSkywalker the Insei (Draconian Transmuter)        Turns: 3470, Time: 00:17:51

Health: -1/47      AC:  7    Str: 12    XL:     6   Next: 84%
Magic:  7/11       EV: 12    Int: 14    God:
Gold:   235        SH:  0    Dex: 13    Spells: 6/12 levels left

rFire   . . .        p - +4 hand axe (heavy)
rCold   . . .        (no shield)
rNeg    . . .        (body armour unavailable)
rPois   .            (helmet restricted)
rElec   .            (no cloak)
rCorr   .            o - +0 pair of gloves
SInv    +            (no boots)
Will    .....        (no amulet)
Stlth   +            k - ring of see invisible
HPRegen 0.27/turn    (no ring)
MPRegen 0.12/turn

%: no passive effects
@: wereblooded
A: AC +6, unfitting armour, cold-blooded
a: no special abilities


You were on level 4 of the Dungeon.
You visited 1 branch of the dungeon, and saw 4 of its levels.

You collected 235 gold pieces.

Inventory:

Hand Weapons
 f - a +5 dagger
 p - a +4 heavy hand axe (weapon)
Missiles
 h - 6 boomerangs (quivered)
 m - a throwing net
Armour
 o - a +0 pair of gloves (worn)
Jewellery
 k - a ring of see invisible (left hand)
Wands
 s - a wand of mindburst (12)
Scrolls
 b - a scroll of enchant weapon {unknown}
 c - a scroll of fear
 e - a scroll of teleportation {unknown}
 i - a scroll of blinking {unknown}
 j - a scroll of fog {unknown}
 l - a scroll of enchant armour {unknown}
 q - a scroll of identify
Potions
 a - 2 potions of lignification
 d - a potion of curing
 g - a potion of brilliance
 n - a potion of cancellation {unknown}
 r - a potion of heal wounds {unknown}
 t - a potion of enlightenment {unknown}


   Skills:
 - Level 1.1 Fighting
 - Level 1.7 Dodging
 + Level 4.8 Unarmed Combat
 + Level 3.9 Spellcasting
 + Level 4.1 Transmutations
 + Level 2.6 Poison Magic


You had 6 spell levels left.
You knew the following spells:

 Your Spells              Type           Power      Damage    Failure   Level
a - Beastly Appendage     Tmut           28%        N/A       3%          1
b - Wereblood             Tmut           14%        N/A       5%          2
c - Spider Form           Tmut/Pois      12%        N/A       14%         3

Your spell library contained the following spells:

 Spells                   Type           Power      Damage    Failure   Level
 Apportation              Tloc           4%         N/A       21%         1
 Foxfire                  Conj/Fire      8%         2x1d4     21%         1
 Necrotise                Necr           8%         1d4       21%         1
 Summon Small Mammal      Summ           8%         N/A       21%         1
 Ensorcelled Hibernation  Hex/Ice        4%         N/A       30%         2
 Dazzling Flash           Conj/Hex       4%         N/A       52%         3
 Ice Form                 Ice/Tmut       8%         N/A       63%         4
 Anguish                  Hex/Necr       1%         N/A       89%         4
 Agony                    Necr           2%         N/A       99%         5
 Fireball                 Conj/Fire      1%         3d3       99%         5
 Silence                  Hex/Air        1%         N/A       99%         5
 Plasma Beam              Fire/Air       1%         2x1d11    100%        6
 Starburst                Conj/Fire      1%         6d3       100%        6


Dungeon Overview and Level Annotations

Branches:
Dungeon (4/15)
 Temple: D:4-7

Altars:
Hepliaklqana
Sif Muna

Shops:
D:2 [=


Innate Abilities, Weirdness & Mutations

Your plain brown scales are hard. (AC +6)
You cannot fit into any form of body armour.
You are cold-blooded and may be slowed by cold attacks.


Message History

The orc warrior closely misses you. The orc hits you with a +0 whip.
* * * LOW HITPOINT WARNING * * *
You barely miss the orc warrior.
The orc warrior is severely wounded.
The orc warrior barely misses you.
You hit the orc warrior.
The orc warrior looks as sick as possible!
The orc warrior is severely wounded.
The orc closely misses you. The orc warrior misses you.
The orc hits you with a +0 flail!
* * * LOW HITPOINT WARNING * * *
You hit the orc warrior.
The orc warrior is almost dead.
The orc misses you. The orc warrior completely misses you.
You hit the orc warrior but do no damage.
The orc warrior is almost dead.
You kill the orc warrior!
The orc barely misses you. The orc closely misses you.
You feel better.
Your transformation has ended.
Your +4 heavy hand axe unmelds from your body.
Your +0 pair of gloves unmelds from your body.
The orc misses you. The orc barely misses you.
The orc hits you with a +1 morningstar of holy wrath.
* * * LOW HITPOINT WARNING * * *
Casting: Spider Form (dangerous; 14% risk of failure)
Confirm with . or Enter, or press ? or * to list all spells.
Your blood is infused with primal strength.
The orc misses you. The orc hits you but does no damage.
The orc hits you with a +1 morningstar of holy wrath.
* * * LOW HITPOINT WARNING * * *
You hit the orc.
The orc is severely wounded.
You hit the orc. x2; The orc completely misses you.
The orc hits you with a +0 whip.
* * * LOW HITPOINT WARNING * * *
The orc barely misses you. The orc hits you with a +0 flail.
* * * LOW HITPOINT WARNING * * *
The orc hits you with a +0 whip.
You die...

................#......#.##)...##
#...............................#
..........##...................##
.#........##...................#
.##.......#....................#
###.........##........#........#
.............#.......)...##....#
...............o........#...###
.......o@............#
......o.........#..##
...............##..#
........####.####..# ........#
### .... ..#.....# ...###
......... .### ........ ..
S......


You could see 3 orcs.

Vanquished Creatures
  An orc warrior (D:4)
  An ogre (D:4)
  A jelly (D:4)
  3 orc priests
  3 gnolls (D:4)
  4 adders
  A worm (D:2)
  6 dart slugs
  9 orcs
  7 ball pythons
  11 endoplasms
  5 giant cockroaches
  4 goblins
  7 hobgoblins
  3 jackals (D:1)
  2 kobolds
  A quokka (D:1)
  8 bats
  5 frilled lizards
  10 rats
92 creatures vanquished.

Notes
Turn   | Place    | Note
-------+----------+-------------------------------------------
     0 | D:1      | lmSkywalker the Draconian Transmuter began the quest for
                  | the Orb.
     0 | D:1      | Reached XP level 1. HP: 16/16 MP: 3/3
     7 | D:1      | Noticed a lindwurm
     7 | D:1      | Noticed a komodo dragon
     7 | D:1      | Noticed a black bear
     9 | D:1      | Noticed a wyvern
     9 | D:1      | Noticed a scorpion
   241 | D:1      | Reached XP level 2. HP: 23/23 MP: 5/5
   424 | D:1      | Learned a level 2 spell: Wereblood
   867 | D:1      | Reached XP level 3. HP: 28/28 MP: 4/6
  1233 | D:2      | Found Utih Lir's Jewellery Shop.
  1310 | D:2      | Found a shimmering blue altar of Sif Muna.
  1323 | D:2      | Learned a level 3 spell: Spider Form
  1579 | D:2      | Reached XP level 4. HP: 29/35 MP: 6/8
  1782 | D:2      | Found Eriolis's Armour Shop.
  1813 | D:2      | Found a faded altar of an unknown god.
  2327 | D:2      | Reached skill level 1 in Poison Magic
  2327 | D:2      | Reached XP level 5. HP: 30/40 MP: 9/9
  2660 | D:3      | Found a hazy altar of Hepliaklqana.
  2705 | D:4      | Noticed an orc warrior
  2776 | D:4      | Noticed an ogre
  2783 | D:4      | Killed an ogre
  2784 | D:4      | Reached XP level 6. HP: 47/47 MP: 9/11
  3289 | D:4      | Upgraded the game from 0.31-a0-196-g86fe4a5e66 to
                  | 0.31-a0-198-g2ad674f65e
  3467 | D:4      | Killed an orc warrior
  3470 | D:4      | HP: 2/47 [orc/+0 flail (3)]
  3470 | D:4      | Slain by an orc

Illustrated notes

Levels and vault maps discovered:
D:1:      onia_arrival_zoo_common, layout_loops_corners,
          minmay_misc_feat_diagonals, grunt_decor_resistance
D:2:      layout_rooms, hellmonk_ecumenical_altar_run_dry, basic_altar,
          serial_shops, shop, nicolae_shop_tiny_real_fake_doors,
          minmay_crystal_room, minmay_misc_feat_nine_boxes, minmay_pentomino_w4
D:3:      layout_rooms, mainiacjoe_overflow_boulevard
D:4:      layout_cave_pools, kennysheep_decorative_pillar

Skill      XL: |  1  2  3  4  5  6 |
---------------+-------------------+-----
Transmutations | 3 4 |  4.1
Unarmed Combat | 4 |  4.8
Spellcasting   | 3 |  3.9
Poison Magic   | 1 2 |  2.6
Fighting       | |  1.1
Dodging        | |  1.7

Action                     |  1- 3 |  4- 6 || total
---------------------------+-------+-------++-------
  Melee: Unarmed           |    23 |     8 ||    31
         Headbutt          |    16 |    10 ||    26
         Kick              |    22 |    18 ||    40
         Punch             |     4 |     2 ||     6
         Dagger            |    89 |    30 ||   119
         Tailslap          |     7 |     9 ||    16
         Hand axe          |       |    54 ||    54
  Throw: Boomerang         |     5 |     9 ||    14
   Cast: Beastly Appendage |    33 |    33 ||    66
         Wereblood         |     1 |     4 ||     5
         Spider Form       |       |     1 ||     1
    Use: Potion            |       |     2 ||     2
         Scroll            |       |     2 ||     2
   Stab: Sleeping          |     3 |       ||     3
 Armour: Skin              |    33 |    26 ||    59
  Dodge: Dodged            |    68 |    71 ||   139

Table legend: (Time is in decaauts)
 A = Elapsed time spent in this place.
 B = Non-inter-level travel time spent in this place.
 C = Inter-level travel time spent in this place.
 D = Time resting spent in this place.
 E = Time spent auto-exploring this place.
 F = Levels seen in this place.
 G = Mean time per level.
                   A        B        C        D        E       F      G
               +--------+--------+--------+--------+--------+-----+--------+
         Total |   3535 |   3356 |    179 |    755 |   1191 |   4 |  883.8 |
       Dungeon |   3535 |   3356 |    179 |    755 |   1191 |   4 |  883.8 |
               +--------+--------+--------+--------+--------+-----+--------+

Top non-repeatable levels by time:
     D:1: 1306 daAuts
     D:2: 984 daAuts
     D:4: 773 daAuts
     D:3: 471 daAuts
